 Dungeon Crawl Stone Soup version 0.30.0-15-g856e2d3f33 (webtiles) character file.

Game seed: 12344050383703459638

706 Majang the Firebug (level 7, -4/38 HPs)
             Began as a Tengu Fire Elementalist on May 19, 2023.
             Was a Follower of Vehumet.
             Slain by a gnoll sergeant
             ... wielding a +0 spear
              (10 damage)
             ... on level 5 of the Dungeon.
             The game lasted 00:30:28 (4675 turns).

Majang the Firebug (Tengu Fire Elementalist)        Turns: 4675, Time: 00:30:29

Health: -4/38      AC:  3    Str:  8    XL:     7   Next: 67%
Magic:  2/14       EV: 14    Int: 18    God:    Vehumet [*.....]
Gold:   272        SH:  4    Dex: 14    Spells: 5/15 levels left

rFire   . . .        a - +0 flail (protect)
rCold   . . .        w - +0 buckler
rNeg    . . .        e - +0 robe
rPois   .            (helmet restricted)
rElec   .            n - +0 cloak
rCorr   .            (no gloves)
SInv    .            (boots unavailable)
Will    .....        (no amulet)
Stlth   ++           k - ring of wizardry
HPRegen 0.26/turn    (no ring)
MPRegen 0.14/turn

%: wizardry (x1)
@: flying quickly and evasively, quick
A: beak, talons 3, nimble flight
a: Renounce Religion


You were on level 5 of the Dungeon.
You worshipped Vehumet.
Vehumet was aware of your devotion.
You visited 2 branches of the dungeon, and saw 6 of its levels.
You also visited: Sewer.

You collected 272 gold pieces.

Inventory:

Hand Weapons
 a - a +0 flail of protection (weapon)
 d - a +0 mace
Armour
 e - a +0 robe (worn)
 n - a +0 cloak (worn)
 w - a +0 buckler (worn)
Magical Staves
 b - a staff of air
Jewellery
 h - a ring of ice
 k - a ring of wizardry (left hand)
Wands
 f - a wand of acid (7)
 B - a wand of iceblast (8)
Scrolls
 m - a scroll of blinking
 o - a scroll of fog
 A - a scroll of fear
Potions
 c - a potion of lignification {unknown}
 g - 2 potions of flight {unknown}
 i - 2 potions of resistance {unknown}
 j - a potion of attraction {unknown}
 l - a potion of curing {unknown}
 p - 3 potions of heal wounds
 r - a potion of invisibility {unknown}
 s - 3 potions of magic
 t - 3 potions of mutation
 v - 3 potions of brilliance {unknown}
 x - a potion of haste {unknown}


   Skills:
 + Level 1.2 Fighting
 + Level 1.4 Staves
 + Level 2.7 Dodging
 - Level 2.0 Stealth
 + Level 1.2 Shields
 * Level 4.6 Spellcasting
 + Level 4.2 Conjurations
 + Level 5.6 Fire Magic
 + Level 2.4 Air Magic
 + Level 1.2 Evocations


You had 5 spell levels left.
You knew the following spells:

 Your Spells              Type           Power      Damage    Failure   Level
a - Foxfire               Conj/Fire      84%        2x1d8     1%          1
c - Scorch                Fire           48%        2d7       1%          2
m - Mephitic Cloud        Conj/Pois/Air  12%        N/A       11%         3
w - Flame Wave            Conj/Fire      21%        2d8       12%         4

Your spell library contained the following spells:

 Spells                   Type           Power      Damage    Failure   Level
 Kiss of Death            Conj/Necr      44%        2d8       3%          1
 Poisonous Vapours        Pois/Air       16%        N/A       9%          2
 Inner Flame              Hex/Fire       14%        N/A       9%          3
 Volatile Blastmotes      Fire/Tloc      28%        2d12      9%          3
 Iskenderun's Battlesphe  Conj           19%        2d7       38%         5
 Freezing Cloud           Conj/Ice/Air   6%         6-21      65%         5
 Iron Shot                Conj/Erth      5%         9d2       99%         6
 Summon Cactus Giant      Summ           2%         N/A       100%        6
 Spellforged Servitor     Conj/Summ      5%         N/A       100%        7


Dungeon Overview and Level Annotations

Branches:
Dungeon (5/15)             Temple (1/1) D:4           Sewer (visited)

Altars:
Ashenzari
Cheibriados
Dithmenos
Elyvilon
Fedhas
Gozag
Hepliaklqana
Kikubaaqudgha
Okawaru
Ru
Sif Muna
Trog
Vehumet
Wu Jian
Xom
Yredelemnul
Zin
The Shining One

Shops:
D:2 =


Innate Abilities, Weirdness & Mutations

You have a beak for a mouth.
You have claws for feet.
Your magical nature lets you fly swiftly and evasively.


Message History

The flame wave engulfs the gnoll sergeant.
The gnoll sergeant is lightly wounded.
The flame wave engulfs the gnoll!
The gnoll is heavily wounded.
The gnoll sergeant hits you from afar with a +0 spear!
A wave of flame ripples out!
The flame wave engulfs the gnoll.
The gnoll is severely wounded.
The flame wave engulfs the gnoll.
The gnoll is heavily wounded.
The flame wave engulfs the gnoll sergeant!
The gnoll sergeant is heavily wounded.
You finish channelling waves of flame.
The gnoll barely misses you. x2
You block the gnoll sergeant's attack.
Casting: Flame Wave (quite dangerous; 12% risk of failure)
Confirm with . or Enter, or press ? or * to list all spells.
The spell is quite dangerous to miscast (12% risk of failure)!
Continue anyway?
Casting: Flame Wave (quite dangerous; 12% risk of failure)
Press: ? - help, Dir - look around, f - activate A wave of flame ripples out!
The flame wave engulfs the gnoll.
The gnoll is almost dead. (Press . to intensify the flame waves.)
The gnoll hits you from afar with a +0 spear.
The gnoll hits you with a +0 club.
The gnoll sergeant hits you from afar with a +0 spear!
A wave of flame ripples out!
The flame wave engulfs the gnoll.
You kill the gnoll!
Vehumet accepts your kill.
The flame wave engulfs the gnoll!
You kill the gnoll!
Vehumet accepts your kill.
The flame wave engulfs the gnoll sergeant!
The gnoll sergeant is severely wounded.
The gnoll sergeant hits you from afar with a +0 spear.
* * * LOW HITPOINT WARNING * * *
A wave of flame ripples out!
The flame wave engulfs the gnoll sergeant.
The gnoll sergeant is almost dead.
You finish channelling waves of flame.
The gnoll sergeant hits you from afar with a +0 spear!
You die...

#......'.....†.....#
#
########...........#
#...........#
#...........#
#...........#
#.########### ####.#
#### +...># #...
####@# #.##
#....)..# #.#
#...)g..# #.#
#.......# #.#
#.......# #.#
+)......# #######.#
#..!....# #.......#
#.##.......#
#.####### #.# .....
#.#


You could see a gnoll sergeant.

Vanquished Creatures
  Eustachio (D:4)
  A black bear (D:5)
  2 jellies (Sewer)
  2 hounds
  An orc priest (D:4)
  Terence (D:3)
  An iguana (D:4)
  7 gnolls
  7 adders
  3 river rats
  A worm (D:4)
  5 orcs (D:4)
  8 ball pythons
  21 endoplasms
  19 giant cockroaches
  3 goblins
  6 hobgoblins
  6 jackals (D:3)
  4 quokkas
  7 bats
  5 frilled lizards
  9 kobolds
  8 rats
128 creatures vanquished.

Vanquished Creatures (others)
  296 foxfires
296 creatures vanquished.

Grand Total: 424 creatures vanquished

Notes
Turn   | Place    | Note
-------+----------+-------------------------------------------
     0 | D:1      | Majang the Tengu Fire Elementalist began the quest for the
                  | Orb.
     0 | D:1      | Reached XP level 1. HP: 10/10 MP: 4/4
   146 | D:1      | Reached XP level 2. HP: 15/15 MP: 1/6
   198 | D:1      | Learned a level 2 spell: Scorch
   925 | D:2      | Reached XP level 3. HP: 16/19 MP: 7/7
  1004 | D:2      | Reached skill level 4 in Fire Magic
  1153 | D:2      | Reached XP level 4. HP: 20/24 MP: 3/9
  1304 | D:2      | Found Jiwofoi's Jewellery Boutique.
  2219 | D:3      | Noticed Terence
  2232 | D:3      | Killed Terence
  2233 | D:3      | Gained mutation: Your magical nature lets you fly swiftly
                  | and evasively. [Tengu growth]
  2233 | D:3      | Reached XP level 5. HP: 13/28 MP: 0/11
  2803 | D:4      | Reached skill level 5 in Fire Magic
  2851 | D:4      | Reached skill level 1 in Air Magic
  2851 | D:4      | Reached XP level 6. HP: 25/32 MP: 2/12
  2894 | D:4      | Found a staircase to the Ecumenical Temple.
  2914 | Temple   | Entered the Ecumenical Temple
  3035 | Temple   | Became a worshipper of Vehumet
  3146 | D:4      | Found a glowing drain.
  3158 | Sewer    | Entered a sewer
  3219 | Sewer    | Learned a level 4 spell: Flame Wave
  3378 | Sewer    | Reached * piety under Vehumet
  3378 | Sewer    | Offered knowledge of Kiss of Death by Vehumet.
  3739 | Sewer    | Found a viscous altar of Jiyva.
  3952 | D:4      | Noticed Eustachio
  3966 | D:4      | Killed Eustachio
  3967 | D:4      | Reached skill level 1 in Staves
  3967 | D:4      | Reached XP level 7. HP: 37/37 MP: 8/14
  4257 | D:4      | Learned a level 3 spell: Mephitic Cloud
  4379 | D:5      | Entered Level 5 of the Dungeon
  4504 | D:5      | Reached skill level 1 in Fighting
  4504 | D:5      | Reached skill level 1 in Shields
  4504 | D:5      | Reached skill level 1 in Evocations
  4675 | D:5      | Slain by a gnoll sergeant

Illustrated notes

Levels and vault maps discovered:
D:1:      mainiacjoe_arrival_reflecting_pool, layout_rooms,
          minmay_stone_trees_small, chequers_serial_rivers_micro_a,
          chequers_jeans, minmay_misc_feat_pillars,
          nicolae_concentric_dashed_squares_wild, minmay_misc_feat_diagonals
D:2:      minmay_roachtagon, layout_loops_ring, serial_shops, shop,
          kennysheep_generic_room_4
D:3:      layout_rooms, uniq_terence
D:4:      layout_loops_ring, minmay_temple_entry_mini_moons,
          gup_sewer_entry_bubbles, uniq_eustachio
D:5:      layout_basic, hangedman_decor_riveting, nicolae_elemental_shop,
          uniq_ijyb
Temple:   nicolae_temple_slightly_damp_pantheon

Skill      XL: |  1  2  3  4  5  6  7 |
---------------+----------------------+-----
Conjurations   | 2 3 4 |  4.2
Fire Magic     | 4 5 |  5.6
Spellcasting   | 3 4 |  4.6
Air Magic      | 1 2 |  2.4
Staves         | 1 |  1.4
Fighting       | 1 |  1.2
Shields        | 1 |  1.2
Evocations     | 1 |  1.2
Dodging        | |  2.7
Stealth        | |  2.0

Action                     |  1- 3 |  4- 6 |  7- 9 || total
---------------------------+-------+-------+-------++-------
  Melee: Kick              |     3 |    10 |     1 ||    14
         Unarmed           |     1 |       |       ||     1
         Mace              |     9 |    30 |     1 ||    40
         Peck              |     1 |     5 |       ||     6
   Cast: Foxfire           |    45 |   123 |    11 ||   179
         Scorch            |     3 |    19 |     3 ||    25
         Flame Wave        |       |     1 |     2 ||     3
    Use: Scroll            |       |     6 |     7 ||    13
 Armour: Robe              |     6 |    10 |       ||    16
  Dodge: Dodged            |    16 |    43 |     5 ||    64
  Block: Buckler           |       |       |     1 ||     1
